 Dungeon Crawl Stone Soup version 0.29-a0-322-g68df515428 (webtiles) character file.

Game seed: 11849461044031077746

11 Hubjo the Chiller (level 2, 0/16 HPs)
             Began as a Deep Elf Ice Elementalist on Apr 8, 2022.
             Slain by a worm (8 damage)
             ... on level 2 of the Dungeon.
             The game lasted 00:01:33 (1405 turns).

Hubjo the Chiller (Deep Elf Ice Elementalist)       Turns: 1405, Time: 00:01:34

Health: 0/16       AC:  2    Str:  5    XL:     2   Next: 17%
Magic:  8/8        EV: 12    Int: 19    God:
Gold:   44         SH:  0    Dex: 15    Spells: 6/7 levels left

rFire   + . .      SeeInvis .   f - +2 quarterstaff (drain)
rCold   x . .      Faith    .   (shield currently unavailable)
rNeg    . . .      Spirit   .   a - +0 robe
rPois   .          Reflect  .   (no helmet)
rElec   .          Harm     .   (no cloak)
rCorr   .          Rampage  .   (no gloves)
Will    .....                   (no boots)
Stlth   ++........              (no amulet)
HPRegen 0.05/turn               i - ring of fire
MPRegen 0.11/turn               (no ring)

@: no status effects
A: no striking features
a: no special abilities


You were on level 2 of the Dungeon.
You visited 1 branch of the dungeon, and saw 2 of its levels.

You collected 44 gold pieces.

Inventory:

Hand Weapons
 f - a +2 quarterstaff of draining (weapon)
Armour
 a - a +0 robe (worn)
Magical Staves
 g - a staff of death
Jewellery
 i - a ring of fire (left hand)
Scrolls
 c - 2 scrolls of identify {unknown}
 d - 3 scrolls of teleportation {unknown}
Potions
 b - a potion of magic
 e - a potion of lignification {unknown}
 h - a potion of berserk rage {unknown}
 j - a potion of degeneration {unknown}


   Skills:
 * Level 0.6 Fighting
 + Level 0.0 Staves
 + Level 2.6 Dodging
 * Level 2.9 Stealth
 + Level 3.1 Spellcasting
 + Level 4.4 Ice Magic


You had 6 spell levels left.
You knew the following spells:

 Your Spells              Type           Power      Damage    Failure   Level
a - Freeze                Ice            76%        1d9       2%          1

Your spell library contained the following spells:

 Spells                   Type           Power      Damage    Failure   Level
 Frozen Ramparts          Ice            38%        1d5       7%          3
 Ozocubu's Armour         Ice            19%        N/A       7%          3
 Hailstorm                Conj/Ice       11%        3d5       52%         4


Dungeon Overview and Level Annotations

Branches:
Dungeon (2/15)

Altars:


Message History

You barely miss the frilled lizard. The frilled lizard closely misses you.
You barely miss the frilled lizard. The frilled lizard closely misses you.
You completely miss the frilled lizard. The frilled lizard bites you.
The frilled lizard misses you.
You hit the frilled lizard.
You kill the frilled lizard!
i - a ring of fire
j - a fizzy blue potion You feel more attuned to fire.
i - a ring of fire (left hand) HP restored.
A hobgoblin comes into view.
You see here 5 gold pieces.
A hobgoblin is nearby!
A hobgoblin is nearby!
A hobgoblin is nearby!
Found 9 gold pieces.
The helpless hobgoblin fails to defend itself.
You hit the hobgoblin. You drain the hobgoblin.
You kill the hobgoblin!
No target in view!
You now have 35 gold pieces (gained 5).
You now have 44 gold pieces (gained 9).
d - 3 scrolls labelled COEFFITIFI (gained 1)
A worm comes into view.
A worm is nearby!
A worm is nearby!
A worm is nearby!
Found 10 gold pieces.
A rat comes into view.
The worm bites you!
Ouch! That really hurt!
You are too injured to fight recklessly!
You hit the worm.
The worm is moderately wounded.
You hit the worm. You drain the worm.
The worm is severely wounded.
The worm bites you!
Ouch! That really hurt!
You die...

### ### ...# #.#
###...### #####
##.#.###....$..# ....#
##.###...@w.....#
....####...#.###.......#
............## ###...###
....####....# .r.# ....#
###.## .... ....## #.#
.###. .....# #+# .
.....# ## .....#


You could see a worm (drained) and a rat (asleep).

Vanquished Creatures
  2 endoplasms (D:1)
  2 giant cockroaches (D:1)
  A goblin (D:1)
  A hobgoblin (D:2)
  A bat (D:1)
  3 frilled lizards
  A kobold (D:1)
11 creatures vanquished.

Notes
Turn   | Place    | Note
-------+----------+-------------------------------------------
     0 | D:1      | Hubjo the Deep Elf Ice Elementalist began the quest for the
                  | Orb.
     0 | D:1      | Reached XP level 1. HP: 10/10 MP: 6/6
  1035 | D:1      | Reached XP level 2. HP: 14/16 MP: 8/8
  1405 | D:2      | Slain by a worm

Illustrated notes

Levels and vault maps discovered:
D:1:      roderic_chinese_lattice_arrival, layout_loops_cross,
          hangedman_decor_diamond_cutter
D:2:      layout_loops_corners

Action                   || total
-------------------------++-------
Melee: Unarmed           ||    48
       Quarterstaff      ||    11
 Cast: Freeze            ||     5
 Stab: Sleeping          ||     5
Armor: Robe              ||    10
Dodge: Dodged            ||    36

Table legend: (Time is in decaauts)
 A = Elapsed time spent in this place.
 B = Non-inter-level travel time spent in this place.
 C = Inter-level travel time spent in this place.
 D = Time resting spent in this place.
 E = Time spent auto-exploring this place.
 F = Levels seen in this place.
 G = Mean time per level.
                   A        B        C        D        E       F      G
               +--------+--------+--------+--------+--------+-----+--------+
         Total |   1406 |   1406 |      0 |      0 |   1244 |   2 |  703.0 |
       Dungeon |   1406 |   1406 |      0 |      0 |   1244 |   2 |  703.0 |
               +--------+--------+--------+--------+--------+-----+--------+

Top non-repeatable levels by time:
     D:1: 1274 daAuts
     D:2: 132 daAuts
